 Dungeon Crawl Stone Soup version 0.25.1-2-g60ff931df9 (webtiles) character file.

Game seed: 1774927562459837519

114 Descartes the Sneak (level 4, -1/21 HPs)
             Began as a Felid Monk on Nov 8, 2020.
             Slain by a frilled lizard (2 damage)
             ... on level 2 of the Dungeon.
             The game lasted 00:04:13 (3046 turns).

Descartes the Sneak (Felid Monk)                    Turns: 3046, Time: 00:04:13

Health: -1/21      AC:  1    Str:  8    XL:     4   Next: 67%
Magic:  5/5        EV: 20    Int: 11    God:
Gold:   147        SH:  0    Dex: 24    Spells: 3/3 levels left
                                        Lives:  0   Deaths: 1

rFire    . . .     SeeInvis +     - Unarmed
rCold    . . .     Gourm    .   (shield unavailable)
rNeg     . . .     Faith    .   (armour unavailable)
rPois    .         Spirit   .   (helmet unavailable)
rElec    .         Reflect  .   (cloak unavailable)
rCorr    .         Harm     .   (gloves unavailable)
MR       .....                  (boots unavailable)
Stlth    +++++.....             (no amulet)
HPRegen  0.07/turn              m - +6 ring of dexterity
MPRegen  0.09/turn              (no ring)

@: lethally poisoned (-1 -> -8), quick
A: very small, no armour, no weapons or thrown items, stealth, claws 1, fangs 3,
see invisible, carnivore, speed 1, shaggy fur 1, slow metabolism 1, sharp paws
a: no special abilities


You were on level 2 of the Dungeon.
You were full.

You visited 1 branch of the dungeon, and saw 3 of its levels.

You collected 147 gold pieces.

Inventory:

Jewellery
 m - a +6 ring of dexterity (left paw)
Scrolls
 c - a scroll of teleportation {unknown}
 d - a scroll of amnesia {unknown}
 f - a scroll of noise {unknown}
 h - 2 scrolls of remove curse {unknown}
 i - a scroll of identify {unknown}
 l - 2 scrolls of blinking {unknown}
 n - a scroll of magic mapping {unknown}
Potions
 b - 2 potions of resistance {unknown}
 e - 2 potions of heal wounds {unknown}
 g - a potion of mutation {unknown}
 j - a potion of stabbing {unknown}
 k - a potion of cancellation {unknown}
Comestibles
 a - 3 rations


   Skills:
 - Level 3.0 Fighting
 - Level 4.0 Dodging
 + Level 7.9 Stealth
 - Level 3.0 Unarmed Combat


You had 3 spell levels left.
You didn't know any spells.
Your spell library was empty.

Dungeon Overview and Level Annotations

Branches:
Dungeon (3/15)

Altars:


Innate Abilities, Weirdness & Mutations

You cannot wear armour.
You are incapable of wielding weapons or throwing items.
Your paws allow you to move quietly. (Stealth)
You have sharp claws.
You have razor-sharp teeth.
You have supernaturally acute eyesight. (SInv)
You are carnivorous and can eat meat at any time.
You cover ground quickly.
You are covered in fur. (AC +1)
You have a slow metabolism.
Your sharp claws are effective at attacking unaware monsters.


Message History

You kill the jackal!
You feel sick. The frilled lizard misses you. The adder completely misses you.
The adder completely misses you.
You see here a jackal corpse.
You closely miss the frilled lizard.
You bite the frilled lizard, but do no damage.
The adder barely misses you. The frilled lizard closely misses you.
You miss the frilled lizard. You bite the frilled lizard.
The frilled lizard is heavily wounded.
The adder completely misses you. The frilled lizard closely misses you.
You scratch the frilled lizard but do no damage.
Your bite misses the frilled lizard.
The frilled lizard is heavily wounded.
You feel sick.
You are no longer poisoned.
The adder bites you.
* * * LOW HITPOINT WARNING * * *
You are lethally poisoned!
The adder poisons you! The frilled lizard bites you.
You die...

#...........# #..........
#...........# #..########
#...........###..##
#<.......)........#
#.............#.#.#
#.........###.#.#.#
#.........###.#.#.#
#........S##....#.######
#.......@l......#......##
##.#########...##.####...
#.##########.###.#####''
#............# #.##..รท..
############## #.##..(..
#.##.(8## #..#..###
####..### #..8##


You could see an adder and a frilled lizard.

Vanquished Creatures
  A scorpion (D:3)
  A worker ant (D:2)
  4 adders
  An ooze (D:1)
  3 worms
  5 bats
  6 giant cockroaches
  4 goblins
  7 hobgoblins
  5 jackals
  A frilled lizard (D:1)
  5 kobolds
  5 rats
48 creatures vanquished.

Notes
Turn   | Place    | Note
-------+----------+-------------------------------------------
     0 | D:1      | Descartes the Felid Monk began the quest for the Orb.
     0 | D:1      | Reached XP level 1. HP: 10/10 MP: 2/2
   114 | D:1      | Reached skill level 3 in Stealth
   160 | D:1      | Reached XP level 2. HP: 7/14 MP: 3/3
   162 | D:1      | Reached skill level 4 in Stealth
   752 | D:1      | Reached skill level 5 in Stealth
   849 | D:1      | Reached XP level 3. HP: 9/17 MP: 4/4
  1560 | D:2      | Reached skill level 6 in Stealth
  1600 | D:2      | Reached XP level 4. HP: 16/21 MP: 5/5
  2371 | D:3      | HP: 1/21 [poisoned by a scorpion]
  2373 | D:3      | Succumbed to a scorpion's poison
  2374 | D:3      | Reached XP level 3. HP: 0/17 MP: 4/4
  2394 | D:3      | Killed a scorpion
  2394 | D:3      | Reached skill level 7 in Stealth
  2394 | D:3      | Reached XP level 4. HP: 6/21 MP: 5/5
  3046 | D:2      | HP: 1/21 [adder (4)]
  3046 | D:2      | Slain by a frilled lizard

Illustrated notes

Levels and vault maps discovered:
D:1:      dpeg_arrival_triangle_fractal, layout_basic, serial_park_tiny_1
D:2:      layout_loops_ring, first_ration, kennysheep_generic_room_6
D:3:      layout_basic

Skill      XL: |  1  2  3 |
---------------+----------+-----
Stealth        | 3 5 7 |  7.9
Fighting       | |  3.0
Dodging        | |  4.0
Unarmed Combat | |  3.0

Action                   |  1- 3 |  4- 6 || total
-------------------------+-------+-------++-------
Melee: Unarmed           |   102 |    58 ||   160
       Bite              |    12 |     9 ||    21
       Punch             |     1 |     2 ||     3
 Stab: Sleeping          |     8 |     7 ||    15
  Eat: Chunk             |     8 |     6 ||    14
Armor: Skin              |     5 |     2 ||     7
Dodge: Dodged            |   104 |    76 ||   180
